 Dungeon Crawl Stone Soup version 0.24.0-28-g17ded55e90 (webtiles) character file.

Game seed: 4102836925091261742, levelgen mode: deterministic

1008 Arum the Conjurer (level 8, 0/46 HPs)
             Began as an Octopode Venom Mage on Nov 11, 2019.
             Was an Initiate of Vehumet.
             Shot with an arrow by a centaur (8 damage)
             ... on level 7 of the Dungeon.
             The game lasted 00:16:26 (6866 turns).

Arum the Conjurer (Octopode Venom Mage)             Turns: 6866, Time: 00:16:26

Health: 0/46       AC:  1    Str:  8    XL:     8   Next: 20%
Magic:  12/16      EV: 13    Int: 19    God:    Vehumet [......]
Gold:   348        SH:  0    Dex: 12    Spells: 4/18 levels left

rFire    . . .     SeeInvis .   a - +1 dagger
rCold    . . .     Gourm    .   (no shield)
rNeg     . . .     Faith    .   (helmet restricted)
rPois    .         Spirit   .   (no amulet)
rElec    .         Reflect  .   g - ring of protection from magic
rCorr    .         Harm     .   (no ring)
MR       +....                  (no ring)
Stlth    +++.......             (no ring)
HPRegen  0.15/turn              (no ring)
MPRegen  0.15/turn              (no ring)
                                (no ring)
                                (no ring)

@: no status effects
A: almost no armour, stealthy swim, amphibious, 8 rings, constrict 8, camouflage
1, gelatinous body 1
a: Renounce Religion


You were on level 7 of the Dungeon.
You worshipped Vehumet.
Vehumet was noncommittal.
You were not hungry.

You visited 2 branches of the dungeon, and saw 8 of its levels.

You collected 348 gold pieces.

Inventory:

Hand Weapons
 a - a +1 dagger (weapon)
Armour
 n - a +3 buckler
Jewellery
 g - a ring of protection from magic (left tentacle)
Wands
 i - a wand of disintegration (9)
 o - a wand of random effects (15)
Scrolls
 c - a scroll of magic mapping {unknown}
 d - a scroll of enchant armour
 e - 8 scrolls of identify
 h - 2 scrolls of enchant weapon
 q - a scroll of fear {unknown}
 t - a scroll of blinking
Potions
 f - 2 potions of flight
 k - 3 potions of degeneration {unknown}
 l - a potion of berserk rage {unknown}
 m - a potion of curing {unknown}
 p - 2 potions of cancellation
 r - a potion of ambrosia {unknown}
 s - a potion of resistance {unknown}
 u - a potion of heal wounds {unknown}
Comestibles
 b - 13 rations


   Skills:
 - Level 2.0 Dodging
 - Level 2.6 Stealth
 + Level 5.8 Spellcasting
 + Level 6.0 Conjurations
 + Level 5.7 Poison Magic


You had 4 spell levels left.
You knew the following spells:

 Your Spells              Type           Power        Failure   Level  Hunger
a - Venom Bolt            Conj/Pois      ####......   28%         5    #####..
b - Poisonous Vapours     Pois/Air       ###...       5%          2    None
c - Olgreb's Toxic Radia  Pois           ####....     11%         4    ####...
d - Mephitic Cloud        Conj/Pois/Air  ###.....     7%          3    ##.....

Your spell library contained the following spells:

 Spells                   Type           Power        Failure   Level  Hunger
 Sting                    Conj/Pois      ####         1%          1    None


Dungeon Overview and Level Annotations

Branches:
Dungeon (7/15)             Temple (1/1) D:5

Altars:
Ashenzari
Cheibriados
Elyvilon
Fedhas
Gozag
Hepliaklqana
Kikubaaqudgha
Makhleb
Nemelex Xobeh
Okawaru
Qazlal
Ru
Trog
Uskayaw
Vehumet
Xom
Yredelemnul

Annotations:
D:6 1 runed translucent door, DevastatorOne's ghost, novice MiBe


Innate Abilities, Weirdness & Mutations

You cannot wear most types of armour.
You are very stealthy in the water. (Stealth+)
You are amphibious.
You can wear up to eight rings at the same time.
You can use your tentacles to constrict eight enemies at once.
Your skin changes colour to match your surroundings (Stealth+).
Your rubbery body absorbs attacks. (AC +1, EV +1)


Message History

The jackal barks!
Something shouts, "Run away, thou erky moon-mazed mammet!"
You see here an arrow.
A gnoll comes into view. It is wielding a +0 spear.
You kill the jackal!
Vehumet accepts your kill.
The centaur shoots an arrow.
The arrow completely misses you.
The arrow barely misses the jackal.
The jackal bites you.
* * * LOW HITPOINT WARNING * * *
A shadow imp comes into view.
The centaur shoots an arrow.
The arrow hits you.
* * * LOW HITPOINT WARNING * * *
The gnoll moves out of view.
You see here an arrow.
Casting: Olgreb's Toxic Radiance (safe; 11% risk of failure)
Confirm with . or Enter, or press ? or * to list all spells.
You don't know that spell.
The jackal barely misses you. The jackal closely misses you.
The centaur shoots an arrow.
The arrow hits you!
You die...

###...........##
......?...#....
#.......c.....
#.....<.......
##.>((.........
##.(.....)......
#......(........
#.#...(.........
#.(@h.........
##.(h.#.......
#.#..........
..#..........
..#....h..g..
... ..........
##.. ....5...
... .......


You could see a centaur, a gnoll (wandering), a shadow imp and 3 jackals.

Vanquished Creatures
  3 ogres
  A centaur (D:3)
  A phantom (D:4)
  A howler monkey (D:4)
  A crimson imp (D:5)
  2 bullfrog zombies
  4 hounds
  An orc priest (D:6)
  An orc wizard (D:6)
  An iguana (D:2)
  A worker ant (D:2)
  A howler monkey zombie (D:6)
  7 gnolls
  5 adders
  An adder zombie (D:5)
  2 worms
  3 dart slugs
  2 leopard geckos
  14 orcs
  4 giant cockroaches
  6 goblins
  6 hobgoblins
  6 jackals
  7 kobolds
  2 quokkas
  2 ball pythons (D:2)
  2 bats
  3 frilled lizards
  A jackal skeleton (D:5)
  5 rats
96 creatures vanquished.

Vanquished Creatures (others)
  2 withered plants (D:6)
2 creatures vanquished.

Grand Total: 98 creatures vanquished

Notes
Turn   | Place    | Note
-------+----------+-------------------------------------------
     0 | D:1      | Arum the Octopode Venom Mage began the quest for the Orb.
     0 | D:1      | Reached XP level 1. HP: 11/11 MP: 3/3
   521 | D:1      | Reached XP level 2. HP: 17/17 MP: 1/5
  1144 | D:2      | Learned a level 2 spell: Poisonous Vapours
  1218 | D:2      | Reached XP level 3. HP: 21/21 MP: 2/6
  1377 | D:2      | Reached skill level 2 in Conjurations
  1550 | D:2      | Reached XP level 4. HP: 11/27 MP: 5/8
  1955 | D:2      | Found an opulent altar of Gozag.
  2003 | D:2      | Learned a level 4 spell: Olgreb's Toxic Radiance
  2050 | D:2      | Found a sacrificial altar of Ru.
  2649 | D:3      | Noticed a centaur
  2661 | D:3      | Killed a centaur
  2661 | D:3      | Reached skill level 3 in Conjurations
  2661 | D:3      | Reached skill level 5 in Poison Magic
  2661 | D:3      | Reached XP level 5. HP: 11/31 MP: 1/10
  3287 | D:3      | Reached XP level 6. HP: 36/36 MP: 8/11
  3675 | D:4      | Reached skill level 4 in Conjurations
  3739 | D:4      | Reached XP level 7. HP: 41/41 MP: 3/13
  4271 | D:4      | Found a blossoming altar of Fedhas.
  4272 | D:4      | Found an ancient bone altar of Kikubaaqudgha.
  4381 | D:4      | Learned a level 5 spell: Venom Bolt
  4385 | D:4      | Learned a level 3 spell: Mephitic Cloud
  4533 | D:4      | Reached skill level 5 in Conjurations
  4909 | D:5      | Entered Level 5 of the Dungeon
  4935 | D:5      | Found a staircase to the Ecumenical Temple.
  4967 | Temple   | Entered the Ecumenical Temple
  5123 | D:5      | Reached skill level 5 in Spellcasting
  5206 | D:5      | Found a hide-covered altar of Uskayaw.
  5768 | D:6      | Found a radiant altar of Vehumet.
  5780 | D:6      | Became a worshipper of Vehumet
  5985 | D:6      | Reached XP level 8. HP: 29/46 MP: 16/16
  6106 | D:6      | Found a runed translucent door.
  6106 | D:6      | Noticed DevastatorOne's ghost (novice MiBe)
  6609 | D:6      | Reached skill level 6 in Conjurations
  6866 | D:7      | Shot with an arrow by a centaur

Levels and vault maps discovered:
D:1:      dpeg_arrival_rooms_b, layout_basic
D:2:      layout_basic, old_standard_altar, lemuel_crystal_altar, serial_rivers,
          chequers_serial_rivers_large_a, chequers_serial_rivers_marsh,
          chequers_serial_rivers_small_3, chequers_serial_rivers_small_a,
          grunt_decor_arrowhead, minmay_pentomino_p4
D:3:      layout_basic
D:4:      layout_cave_pods, grunt_temple_overflow_growth_and_decay,
          first_ration, corexii_item_surrounded_by_moat, hangedman_decor_push
D:5:      layout_rooms, eat_drink_and_be_merry_uskayaw, temple_pool_b,
          kennysheep_generic_room_2
D:6:      layout_gridville, lemuel_crystal_altar, gammafunk_ghost_grave
D:7:      layout_rooms, minitemple, basic_altar, uniq_joseph
Temple:   jpeg_temple_clearing

Skill      XL: |  1  2  3  4  5  6  7  8 |
---------------+-------------------------+-----
Poison Magic   | 4 5 |  5.7
Conjurations   | 2 3 4 5 6 |  6.0
Spellcasting   | 3 4 5 |  5.8
Dodging        | |  2.0
Stealth        | |  2.6

Action                   |  1- 3 |  4- 6 |  7- 9 || total
-------------------------+-------+-------+-------++-------
Melee: Unarmed           |     6 |       |       ||     6
       Constrict         |     5 |     9 |    12 ||    26
       Tentacles         |     2 |     2 |    12 ||    16
       Dagger            |    17 |     5 |    20 ||    42
       Short sword       |       |    23 |    33 ||    56
 Cast: Sting             |    23 |     4 |     4 ||    31
       Poisonous Vapours |     3 |    35 |    22 ||    60
       Olgreb's Toxic Ra |       |     1 |     9 ||    10
       Venom Bolt        |       |       |     2 ||     2
  Use: Scroll            |       |       |    11 ||    11
       Potion            |       |       |     3 ||     3
 Stab: Sleeping          |     5 |     2 |     3 ||    10
  Eat: Chunk             |     2 |     8 |    12 ||    22
Armor: Skin              |     1 |     4 |     2 ||     7
Dodge: Dodged            |    13 |    21 |    37 ||    71
